[Event "ICC tourney 2357 (30 5)"]
[Site "Internet Chess Club"]
[Date "2021.01.30"]
[Round "2"]
[White "Lucasthegreat12"]
[Black "Isaac2021"]
[Result "1/2-1/2"]
[ICCResult "Game drawn by mutual agreement"]
[WhiteElo "678"]
[BlackElo "853"]
[Opening "Queen's pawn game, Chigorin variation"]
[ECO "D02"]
[NIC "QP.08"]
[Time "12:50:45"]
[PlyCount "96"]
[TimeControl "1800+5"]

1. d4 d5 2. Nf3 Nc6 3. e3 Nf6 4. a3 e6 5. Bd3 Be7 6. O-O O-O 7. b4 Bd7 8.
Bb2 b6 9. Ne5 Nxe5 10. dxe5 Ne4 11. Nd2 Nxd2 12. Qxd2 c6 13. f4 f5 14. Rf3
a5 15. c3 a4 16. Rh3 b5 17. Rf1 Rc8 18. Qe2 Be8 19. Rff3 c5 20. Rfg3 c4 21.
Bc2 Bh4 22. Rf3 Be7 23. Rf1 Qb6 24. Re1 Bf7 25. g4 Rfd8 26. g5 g6 27. Rg3
Rc7 28. h4 Kf8 29. Rh3 Bg8 30. h5 Ke8 31. hxg6 hxg6 32. Rh8 Kd7 33. Rh6 Bf7
34. Qh2 Rcc8 35. Rh7 Bg8 36. Rg7 Qb8 37. Rxg6 Bf7 38. Rh6 Rh8 39. Kf2 Rxh6
40. gxh6 Rh8 41. Rg1 Qf8 42. Bd1 Rxh6 43. Qg2 Bh4+ 44. Kf1 Bh5 45. Bxh5
Rxh5 46. Qg7+ Qxg7 47. Rxg7+ Kd8 48. Rg6 Kd7 { Game drawn by mutual
agreement } 1/2-1/2

[Event "ICC tourney 2357 (30 5)"]
[Site "Internet Chess Club"]
[Date "2021.01.30"]
[Round "2"]
[White "GusH"]
[Black "LionsFreyaC"]
[Result "1-0"]
[ICCResult "Black checkmated"]
[WhiteElo "530"]
[BlackElo "166"]
[Opening "Four knights: Spanish variation"]
[ECO "C48"]
[NIC "KP.03"]
[Time "12:50:49"]
[PlyCount "91"]
[TimeControl "1800+5"]

1. e4 e5 2. Nf3 Nc6 3. Bb5 Nf6 4. Nc3 d6 5. O-O a6 6. Bxc6+ bxc6 7. Qe2 Bg4
8. h3 Bh5 9. Qd3 d5 10. exd5 cxd5 11. Nxe5 Bb4 12. Nc6 Qd6 13. Nxb4 Qxb4
14. Nxd5 Nxd5 15. Qxd5 Qd6 16. Qxa8+ Qd8 17. Re1+ Kd7 18. Qd5+ Kc8 19. Qxh5
g6 20. Qg4+ f5 21. Qa4 Kb7 22. Re6 Re8 23. Qxa6+ Kb8 24. Rc6 Qc8 25. Qb5+
Ka7 26. Qa5+ Kb7 27. Qb5+ Ka8 28. Ra6+ Qxa6 29. Qxa6+ Kb8 30. d3 Rd8 31.
Be3 Rd6 32. Qa7+ Kc8 33. Qa8+ Kd7 34. a4 Re6 35. Qd5+ Rd6 36. Qf7+ Kc6 37.
a5 Rd5 38. Qe6+ Rd6 39. Qc4+ Kd7 40. a6 Ke7 41. a7 Rd8 42. a8=Q Rxa8 43.
Rxa8 Kd6 44. Ra6+ Ke7 45. Qxc7+ Ke8 46. Ra8# { Black checkmated } 1-0

[Event "ICC tourney 2357 (30 5)"]
[Site "Internet Chess Club"]
[Date "2021.01.30"]
[Round "2"]
[White "HydeCruz"]
[Black "chessfish98"]
[Result "0-1"]
[ICCResult "White checkmated"]
[WhiteElo "648"]
[BlackElo "812"]
[Opening "Giuoco Pianissimo: Italian four knights variation"]
[ECO "C46"]
[NIC "KP.06"]
[Time "12:50:53"]
[PlyCount "88"]
[TimeControl "1800+5"]

1. e4 e5 2. Nc3 Nc6 3. Nf3 Bc5 4. Bc4 Nf6 5. d3 h6 6. O-O O-O 7. Be3 Bxe3
8. fxe3 d6 9. Qe2 a6 10. Rad1 Bd7 11. d4 exd4 12. exd4 Re8 13. Rfe1 b5 14.
Bd5 Nxd5 15. Nxd5 Be6 16. Qf2 Bxd5 17. exd5 Nb4 18. c3 Nxd5 19. a3 a5 20.
Rxe8+ Qxe8 21. Re1 Qd8 22. Qe2 Qd7 23. c4 bxc4 24. Qxc4 Nb6 25. Qe2 Nd5 26.
Qe4 c6 27. Rc1 Rc8 28. Qe1 Qa7 29. Ra1 Qb6 30. Qe2 Nf4 31. Qd2 Nd5 32. Rc1
Qb5 33. Rb1 Qb6 34. b4 axb4 35. axb4 Qb5 36. Re1 Nxb4 37. Rb1 c5 38. dxc5
Qxc5+ 39. Kh1 Nc6 40. Rc1 Qa3 41. Nd4 Na7 42. Rxc8+ Nxc8 43. Nc6 Qa1+ 44.
Qe1 Qxe1# { White checkmated } 0-1

[Event "ICC tourney 2357 (30 5)"]
[Site "Internet Chess Club"]
[Date "2021.01.30"]
[Round "2"]
[White "SpeyerSophieK"]
[Black "HSputumbaka"]
[Result "0-1"]
[ICCResult "White checkmated"]
[WhiteElo "802"]
[BlackElo "653"]
[Opening "Ruy Lopez: Graz variation"]
[ECO "C70"]
[NIC "RL.09"]
[Time "12:50:43"]
[PlyCount "128"]
[TimeControl "1800+5"]

1. e4 e5 2. Nf3 Nc6 3. Bb5 a6 4. Ba4 b5 5. Bb3 Bc5 6. O-O Nf6 7. d3 O-O 8.
Bg5 h6 9. Bh4 d6 10. c3 a5 11. d4 exd4 12. cxd4 Bb6 13. Bxf6 Qxf6 14. Bd5
Bb7 15. e5 Qf4 16. g3 Qf5 17. Nc3 Nd8 18. Bxb7 Nxb7 19. Nxb5 dxe5 20. Nxe5
Rad8 21. Re1 Nc5 22. Nc6 Rd7 23. g4 Qf4 24. h3 Ne6 25. Qb3 Nxd4 26. Nbxd4
Bxd4 27. Nxd4 Qxd4 28. Qb5 Rd6 29. Qxa5 Qb6 30. Qc3 c5 31. a3 Qd8 32. b4
cxb4 33. axb4 Rd3 34. Qc6 Qd6 35. Qe4 Rxh3 36. Re3 Qh2+ 37. Kf1 Qh1+ 38.
Qxh1 Rxh1+ 39. Kg2 Rxa1 40. Rb3 Ra4 41. f3 Rb8 42. b5 Kh7 43. b6 Ra6 44. b7
Ra7 45. Kf2 Raxb7 46. Rxb7 Rxb7 47. Ke3 Rb3+ 48. Kf4 g5+ 49. Kg3 f6 50. Kf2
Kg6 51. Kg3 f5 52. Kf2 fxg4 53. fxg4 Rb4 54. Kf3 Kf6 55. Kg3 Ke5 56. Kf3
Rb3+ 57. Kg2 Kf4 58. Kh2 Kxg4 59. Kg2 Rb2+ 60. Kf1 h5 61. Kg1 h4 62. Kf1 h3
63. Ke1 h2 64. Kd1 h1=Q# { White checkmated } 0-1

[Event "ICC tourney 2357 (30 5)"]
[Site "Internet Chess Club"]
[Date "2021.01.30"]
[Round "2"]
[White "m2021chessusa"]
[Black "Rafaelab"]
[Result "1-0"]
[ICCResult "Black checkmated"]
[WhiteElo "722"]
[BlackElo "445"]
[Opening "Scandinavian (center counter) defense"]
[ECO "B01"]
[NIC "SD.02"]
[Time "12:51:15"]
[PlyCount "115"]
[TimeControl "1800+5"]

1. e4 d5 2. exd5 Qxd5 3. Nc3 Qd8 4. d4 Nf6 5. Nf3 g6 6. Bb5+ c6 7. Bc4 Bg7
8. O-O O-O 9. Bg5 a6 10. Re1 b5 11. Bb3 Bb7 12. a3 Nbd7 13. Qd2 c5 14. dxc5
Nxc5 15. Rad1 Qxd2 16. Rxd2 Nxb3 17. cxb3 Rfe8 18. a4 b4 19. Ne2 Ne4 20.
Rd4 Bxd4 21. Nexd4 Rad8 22. Nc2 f6 23. Bf4 Nc5 24. Nxb4 Nxb3 25. h3 Nc5 26.
a5 e5 27. Be3 e4 28. Bxc5 exf3 29. Rxe8+ Rxe8 30. gxf3 Bxf3 31. Nxa6 Re1+
32. Kh2 Rh1+ 33. Kg3 Bb7 34. Nc7 Rb1 35. a6 Rg1+ 36. Kf4 g5+ 37. Kf5 Bc8+
38. Kxf6 Ra1 39. a7 Bb7 40. Kxg5 Kf7 41. Kf5 h6 42. Ke5 h5 43. Bd4 Ke7 44.
b3 Kd7 45. Bxa1 Kxc7 46. Bd4 Kc8 47. Kd6 h4 48. Kc5 Kc7 49. f4 Kc8 50. Kb6
Be4 51. f5 Bb7 52. f6 Be4 53. f7 Bb7 54. f8=Q+ Kd7 55. Qf7+ Kc8 56. Qxb7+
Kd8 57. Bf6+ Ke8 58. Qe7# { Black checkmated } 1-0

[Event "ICC tourney 2357 (30 5)"]
[Site "Internet Chess Club"]
[Date "2021.01.30"]
[Round "2"]
[White "Bigcitypanda"]
[Black "YuriQ300"]
[Result "0-1"]
[ICCResult "White checkmated"]
[WhiteElo "398"]
[BlackElo "892"]
[Opening "Giuoco Piano"]
[ECO "C50"]
[NIC "IG.02"]
[Time "12:51:15"]
[PlyCount "118"]
[TimeControl "1800+5"]

1. e4 e5 2. Nf3 Nc6 3. Bc4 Bc5 4. O-O Nf6 5. Nc3 d6 6. d3 Qe7 7. Bg5 Be6 8.
Qe2 O-O-O 9. Nb5 h6 10. Bxf6 Qxf6 11. Bxe6+ fxe6 12. b3 g5 13. a4 h5 14.
Nd2 h4 15. h3 Rhg8 16. Qf3 Qxf3 17. Nxf3 Rdf8 18. Rab1 g4 19. hxg4 Rxg4 20.
b4 Rxf3 21. bxc5 dxc5 22. Rfc1 h3 23. Kf1 hxg2+ 24. Kg1 a6 25. Nc3 Nd4 26.
Rb2 Rh3 27. f3 Nxf3+ 28. Kf2 Nh4 29. Ne2 Rf3+ 30. Ke1 Rf1+ 31. Kd2 Rxc1 32.
Kxc1 Nf3 33. Nc3 g1=Q+ 34. Nd1 Qe1 35. Rb1 Qd2+ 36. Kb2 Rg1 37. Nc3 Rxb1+
38. Nxb1 Qe1 39. Nc3 Qe3 40. Nd1 Qd4+ 41. c3 Qxd3 42. Nf2 Qd7 43. Kb3 b5
44. axb5 Qxb5+ 45. Kc2 Qe2+ 46. Kb3 Qxf2 47. Kc4 Qe3 48. Kb3 Qxe4 49. Kb2
Nd4 50. cxd4 Qe3 51. dxc5 Qxc5 52. Kb3 Qd4 53. Ka3 Qb6 54. Ka2 Kd7 55. Ka3
Kd6 56. Ka4 Kc5 57. Ka3 Kc4 58. Ka2 Kc3 59. Ka3 Qb3# { White checkmated }
0-1

[Event "ICC tourney 2357 (30 5)"]
[Site "Internet Chess Club"]
[Date "2021.01.30"]
[Round "2"]
[White "jakemakecake"]
[Black "EleanorH"]
[Result "0-1"]
[ICCResult "White checkmated"]
[WhiteElo "525"]
[BlackElo "743"]
[Opening "Scandinavian, Mieses-Kotrc gambit"]
[ECO "B01"]
[NIC "SD.01"]
[Time "12:51:15"]
[PlyCount "138"]
[TimeControl "1800+5"]

1. e4 d5 2. exd5 Qxd5 3. Nc3 Qa5 4. b4 Qxb4 5. Nf3 Nf6 6. Bd3 Qa5 7. O-O c6
8. Bc4 Bg4 9. d3 e6 10. Bf4 Qxc3 11. Rb1 b5 12. Bb3 a5 13. a4 Bc5 14. Qd2
Qxd2 15. Nxd2 O-O 16. c4 bxc4 17. Bxc4 Nbd7 18. Ne4 Nxe4 19. dxe4 Nb6 20.
Be3 Bxe3 21. fxe3 Nxc4 22. Rfe1 Nd2 23. Rb2 Nxe4 24. h3 Bf5 25. g4 Bg6 26.
Rc1 Rab8 27. Rbc2 Ng3 28. Rd2 Rb1 29. Rxb1 Bxb1 30. Kg2 Ne4 31. Rd1 Bc2 32.
Rd4 h6 33. Rc4 Bd3 34. Rxc6 Nf6 35. Rc5 Rb8 36. Rxa5 Nd5 37. Ra7 Rb6 38. a5
Ra6 39. Rxa6 Bxa6 40. Kf3 Kf8 41. h4 Ke7 42. Ke4 Kd6 43. g5 hxg5 44. hxg5
g6 45. Kd4 Kc6 46. e4 Nb4 47. Kc3 Kb5 48. e5 Kxa5 49. Kb3 Nc6 50. Kc3 Nxe5
51. Kd4 Nf3+ 52. Kc5 Nxg5 53. Kd6 f5 54. Ke5 Bc8 55. Kf4 Nf7 56. Kf3 g5 57.
Kg3 e5 58. Kf3 g4+ 59. Kg3 f4+ 60. Kg2 g3 61. Kf3 Ng5+ 62. Kg2 Bb7+ 63. Kg1
Ba6 64. Kh1 f3 65. Kg1 f2+ 66. Kg2 f1=Q+ 67. Kxg3 Ne4+ 68. Kg4 Qf4+ 69. Kh5
Qg5# { White checkmated } 0-1

[Event "ICC tourney 2357 (30 5)"]
[Site "Internet Chess Club"]
[Date "2021.01.30"]
[Round "2"]
[White "OneAprilQueen"]
[Black "MYMSSolinaChess"]
[Result "0-1"]
[ICCResult "White checkmated"]
[WhiteElo "592"]
[BlackElo "779"]
[Opening "Sicilian: closed"]
[ECO "B23"]
[NIC "SI.44"]
[Time "12:51:14"]
[PlyCount "154"]
[TimeControl "1800+5"]

1. e4 c5 2. Nc3 d6 3. Nf3 Nf6 4. Bb5+ Bd7 5. Bc4 Nc6 6. d3 e5 7. Bg5 h6 8.
Be3 Be7 9. O-O O-O 10. Qd2 Qb6 11. b3 Nd4 12. Na4 Bxa4 13. bxa4 Nxf3+ 14.
gxf3 Qc7 15. a5 Qd7 16. d4 cxd4 17. Bxd4 exd4 18. Qxd4 Qh3 19. Qd3 Qh5 20.
Qc3 Qg5+ 21. Kh1 Rac8 22. Rg1 Qh4 23. Qb3 Qxf2 24. Raf1 Qh4 25. Bd5 Rb8 26.
Bxb7 Rfd8 27. a6 Nd7 28. Qe3 Nc5 29. Qf2 Qxf2 30. Rxf2 Nxb7 31. Rb1 Nc5 32.
Rxb8 Rxb8 33. Kg2 Nxa6 34. c4 Bh4 35. Rd2 Bg5 36. Rxd6 Rb2+ 37. Kg3 Nb4 38.
a4 Nc2 39. c5 Ne1 40. c6 Rc2 41. Kg4 Be7 42. Rd7 Rxc6 43. Rxe7 Rg6+ 44. Kf5
Rf6+ 45. Ke5 Nxf3+ 46. Kd5 g5 47. e5 Rf5 48. Re8+ Kg7 49. Kd6 g4 50. a5
Nxh2 51. e6 fxe6 52. Re7+ Kf6 53. Rxe6+ Kg5 54. Re3 Kh4 55. Ke6 Rf1 56. Ke5
g3 57. Re2 Nf3+ 58. Ke4 Kh3 59. Ke3 g2 60. Rf2 Rxf2 61. Kxf2 g1=Q+ 62. Kxf3
Qg3+ 63. Ke4 Qg4+ 64. Kd5 Qf5+ 65. Kd4 Kg3 66. Kc4 Kf3 67. Kb4 Ke3 68. a6
Qe4+ 69. Kb5 Qd5+ 70. Kb4 Qd4+ 71. Ka5 Qc5+ 72. Ka4 Kd3 73. Kb3 Qc4+ 74.
Ka3 Qxa6+ 75. Kb4 Qb6+ 76. Ka4 Kc4 77. Ka3 Qb3# { White checkmated } 0-1

[Event "ICC tourney 2357 (30 5)"]
[Site "Internet Chess Club"]
[Date "2021.01.30"]
[Round "2"]
[White "DeUnderStore"]
[Black "Melech14"]
[Result "0-1"]
[ICCResult "White checkmated"]
[WhiteElo "761"]
[BlackElo "498"]
[Opening "Giuoco Pianissimo"]
[ECO "C55"]
[NIC "IG.01"]
[Time "12:50:42"]
[PlyCount "76"]
[TimeControl "1800+5"]

1. e4 e5 2. Nf3 Nc6 3. Bc4 Nf6 4. d3 Bc5 5. O-O O-O 6. Re1 Ng4 7. Be3 Bxe3
8. fxe3 d6 9. Nbd2 Qf6 10. g3 Nd4 11. Rf1 Nc6 12. Re1 Be6 13. Bxe6 fxe6 14.
Qe2 Qh6 15. Qg2 Nxe3 16. Rxe3 Qxe3+ 17. Kh1 Qh6 18. Rf1 Rae8 19. c3 Re7 20.
Rg1 Ref7 21. Rf1 Ne7 22. b3 c5 23. b4 cxb4 24. cxb4 Rc8 25. Rf2 Rc3 26. Qf1
d5 27. exd5 exd5 28. Nxe5 Rxf2 29. Qxf2 Rc8 30. Nb3 Rf8 31. Qxa7 Qf6 32.
Qd4 Nc6 33. Qxd5+ Kh8 34. Qc5 Nxe5 35. h3 Qf3+ 36. Kg1 Qxg3+ 37. Kh1 Rf1+
38. Qg1 Rxg1# { White checkmated } 0-1

[Event "ICC tourney 2357 (30 5)"]
[Site "Internet Chess Club"]
[Date "2021.01.30"]
[Round "2"]
[White "SAMYMSEden"]
[Black "gregoryip"]
[Result "1-0"]
[ICCResult "Black checkmated"]
[WhiteElo "843"]
[BlackElo "319"]
[Opening "English: three knights system"]
[ECO "A27"]
[NIC "EO.21"]
[Time "13:03:09"]
[PlyCount "57"]
[TimeControl "1800+5"]

1. c4 e5 2. Nf3 Nc6 3. Nc3 Bc5 4. e3 d6 5. Bd3 Nf6 6. O-O d5 7. cxd5 Nxd5
8. Nxd5 Qd7 9. Bb5 Qxd5 10. Bxc6+ bxc6 11. d4 Bd6 12. b3 e4 13. Nh4 Qg5 14.
g3 Bxg3 15. fxg3 Bh3 16. Rf4 h5 17. Ng2 h4 18. Rxh4 Qf5 19. Rxh8+ Ke7 20.
Ba3+ Ke6 21. Nf4+ Kf6 22. Nxh3 Rxh8 23. Qc2 Qxh3 24. Qxc6+ Kf5 25. Qd5+ Kf6
26. Rf1+ Kg6 27. Qxf7+ Kg5 28. Be7+ Kg4 29. Qf5# { Black checkmated } 1-0

[Event "ICC tourney 2357 (30 5)"]
[Site "Internet Chess Club"]
[Date "2021.01.30"]
[Round "3"]
[White "reyanshgandhi"]
[Black "AT2021"]
[Result "1-0"]
[ICCResult "Black checkmated"]
[WhiteElo "721"]
[BlackElo "225"]
[Opening "Four knights: Italian variation"]
[ECO "C47"]
[NIC "KP.06"]
[Time "14:19:12"]
[PlyCount "29"]
[TimeControl "1800+5"]

1. e4 e5 2. Nf3 Nc6 3. Nc3 Nf6 4. Bc4 Nxe4 5. Nd5 Nf6 6. Ng5 Nxd5 7. Bxd5
Bb4 8. Nxf7 Qf6 9. Nxh8 Bc5 10. O-O d6 11. Qh5+ g6 12. Qxh7 Qg5 13. Bf7+
Kd8 14. Qg8+ Kd7 15. Qe8# { Black checkmated } 1-0

[Event "ICC tourney 2357 (30 5)"]
[Site "Internet Chess Club"]
[Date "2021.01.30"]
[Round "3"]
[White "RowanTheAwesome"]
[Black "DeDeBoy"]
[Result "1-0"]
[ICCResult "Black checkmated"]
[WhiteElo "556"]
[BlackElo "726"]
[Opening "Two knights defense"]
[ECO "C57"]
[NIC "KP.01"]
[Time "14:19:11"]
[PlyCount "69"]
[TimeControl "1800+5"]

1. e4 e5 2. Bc4 Nc6 3. Nf3 Nf6 4. Ng5 Qe7 5. Nxf7 Rg8 6. Nd6+ cxd6 7. Bxg8
Nxg8 8. Qh5+ g6 9. Qf3 Nd4 10. Qd3 Qh4 11. O-O Bh6 12. Nc3 Bf4 13. g3 Qh3
14. gxf4 Qxd3 15. cxd3 Nf3+ 16. Kg2 Nh4+ 17. Kg3 g5 18. Nd5 Ng6 19. Nc7+
Kd8 20. Nxa8 b6 21. fxg5 Bb7 22. Nxb6 axb6 23. d4 exd4 24. d3 Ne5 25. Bf4
Nxd3 26. Bxd6 Ne7 27. Bxe7+ Kxe7 28. Rad1 Ne5 29. Rxd4 Ke6 30. f4 Ng6 31.
f5+ Kf7 32. fxg6+ Kg7 33. Rxd7+ Kh8 34. Rxb7 hxg6 35. Rf8# { Black
checkmated } 1-0

[Event "ICC tourney 2357 (30 5)"]
[Site "Internet Chess Club"]
[Date "2021.01.30"]
[Round "3"]
[White "LionsMilesL"]
[Black "m2021chessusa"]
[Result "1-0"]
[ICCResult "Black checkmated"]
[WhiteElo "334"]
[BlackElo "722"]
[Opening "Queen's gambit declined"]
[ECO "D30"]
[NIC "QO.17"]
[Time "14:18:54"]
[PlyCount "53"]
[TimeControl "1800+5"]

1. d4 e6 2. c4 d5 3. Nf3 c5 4. Nc3 cxd4 5. Nxd4 dxc4 6. e3 e5 7. Nf3 Nf6 8.
Qxd8+ Kxd8 9. Bxc4 e4 10. Ne5 Ke8 11. Bxf7+ Kd8 12. O-O Bd6 13. Nc4 Bc5 14.
Rd1+ Nbd7 15. Ne5 Rf8 16. b3 Ke7 17. Nd5+ Nxd5 18. Rxd5 Nxe5 19. Rxe5+ Kxf7
20. Rxc5 Kg8 21. Ba3 Re8 22. Re1 b6 23. Rc7 b5 24. Bb2 Ba6 25. Rxg7+ Kh8
26. Rg6+ Re5 27. Bxe5# { Black checkmated } 1-0

[Event "ICC tourney 2357 (30 5)"]
[Site "Internet Chess Club"]
[Date "2021.01.30"]
[Round "3"]
[White "Tayga"]
[Black "LucaV"]
[Result "1-0"]
[ICCResult "Black checkmated"]
[WhiteElo "745"]
[BlackElo "516"]
[Opening "Four knights: Italian variation"]
[ECO "C55"]
[NIC "IG.01"]
[Time "14:19:20"]
[PlyCount "59"]
[TimeControl "1800+5"]

1. e4 e5 2. Nf3 Nc6 3. Bc4 Nf6 4. Nc3 Nxe4 5. Nxe4 d5 6. Bd3 dxe4 7. Bxe4
f6 8. d3 Bg4 9. h3 Bxf3 10. Bxf3 Qd7 11. O-O O-O-O 12. Be3 g6 13. Bg5 fxg5
14. Bg4 Qxg4 15. Qxg4+ Kb8 16. Qxg5 Be7 17. Qg4 Rd4 18. Qe2 Rhd8 19. Rad1
h5 20. c3 R4d5 21. Rfe1 Rxd3 22. Rxd3 Rxd3 23. Qxd3 a6 24. Qxg6 Na5 25.
Qe8+ Ka7 26. Qxe7 b6 27. Qxc7+ Ka8 28. Rxe5 Nb7 29. Re8+ Ka7 30. Qb8# {
Black checkmated } 1-0

[Event "ICC tourney 2357 (30 5)"]
[Site "Internet Chess Club"]
[Date "2021.01.30"]
[Round "3"]
[White "MilesFlores"]
[Black "PrincessAnai"]
[Result "1-0"]
[ICCResult "Black checkmated"]
[WhiteElo "702"]
[BlackElo "443"]
[Opening "Sicilian defense"]
[ECO "B30"]
[NIC "SI.31"]
[Time "14:19:11"]
[PlyCount "37"]
[TimeControl "1800+5"]

1. e4 c5 2. Nf3 Nc6 3. Bc4 e6 4. d3 Bd6 5. Nc3 Nf6 6. e5 Nxe5 7. Nxe5 Bxe5
8. Be3 Ng4 9. Qxg4 O-O 10. Bh6 Qf6 11. Bg5 Qg6 12. d4 cxd4 13. Bd3 dxc3 14.
Bxg6 cxb2 15. Bxh7+ Kh8 16. Rb1 b6 17. Qh4 f6 18. Bg6+ Kg8 19. Qh7# { Black
checkmated } 1-0

[Event "ICC tourney 2357 (30 5)"]
[Site "Internet Chess Club"]
[Date "2021.01.30"]
[Round "3"]
[White "Lucasthegreat12"]
[Black "Natethegreat12"]
[Result "0-1"]
[ICCResult "White resigns"]
[WhiteElo "678"]
[BlackElo "889"]
[Opening "KP: Indian opening"]
[ECO "A00"]
[NIC "VO.13"]
[Time "14:19:46"]
[PlyCount "30"]
[TimeControl "1800+5"]

1. d3 e5 2. e4 Nf6 3. Nf3 d5 4. Nxe5 dxe4 5. Nc3 Bf5 6. Bg5 exd3 7. Bxf6
Qxf6 8. Nxd3 Qe6+ 9. Be2 Bd6 10. Nb5 O-O 11. Nxd6 Qxd6 12. Nf4 Qxf4 13. Qd2
Qxd2+ 14. Kxd2 Rd8+ 15. Ke1 Bxc2 { White resigns } 0-1

[Event "ICC tourney 2357 (30 5)"]
[Site "Internet Chess Club"]
[Date "2021.01.30"]
[Round "3"]
[White "shark5"]
[Black "SABHZOYA"]
[Result "0-1"]
[ICCResult "White checkmated"]
[WhiteElo "261"]
[BlackElo "507"]
[Opening "Four knights: Scotch, 4...exd4"]
[ECO "C47"]
[NIC "KP.06"]
[Time "14:19:14"]
[PlyCount "48"]
[TimeControl "1800+5"]

1. e4 e5 2. Nf3 Nc6 3. Nc3 Nf6 4. d4 exd4 5. Nxd4 Nxd4 6. Qxd4 Be7 7. Bd3
O-O 8. Qe3 h6 9. O-O d5 10. exd5 Nxd5 11. Nxd5 Re8 12. Nxe7+ Rxe7 13. Qg3
Re6 14. Bf5 Rf6 15. Bxc8 Rxc8 16. b3 Rg6 17. Qf3 b6 18. Rd1 Qe7 19. Bb2 Rd8
20. Re1 Qf8 21. Red1 Rxd1+ 22. Rxd1 Qe7 23. Qa8+ Kh7 24. Rd8 Qe1# { White
checkmated } 0-1

[Event "ICC tourney 2357 (30 5)"]
[Site "Internet Chess Club"]
[Date "2021.01.30"]
[Round "3"]
[White "SeverusSnape18"]
[Black "SAMYMSEden"]
[Result "1-0"]
[ICCResult "Black resigns"]
[WhiteElo "570"]
[BlackElo "843"]
[Opening "KP: Patzer opening"]
[ECO "C20"]
[NIC "KP.10"]
[Time "14:19:19"]
[PlyCount "35"]
[TimeControl "1800+5"]

1. e4 e5 2. Qh5 Nf6 3. Qxe5+ Be7 4. Bc4 Nc6 5. Qg3 O-O 6. Nf3 Nxe4 7. Qh3
h6 8. O-O d6 9. Qh5 Ne5 10. Nxe5 dxe5 11. Qxe5 Bf6 12. Qxe4 Re8 13. Qf3 Be5
14. Bxf7+ Kh7 15. Bxe8 Qxe8 16. Nc3 Qh5 17. Qxh5 Bf5 18. Qxf5+ { Black
resigns } 1-0

[Event "ICC tourney 2357 (30 5)"]
[Site "Internet Chess Club"]
[Date "2021.01.30"]
[Round "3"]
[White "milesmcwu"]
[Black "stanikbenes"]
[Result "0-1"]
[ICCResult "White checkmated"]
[WhiteElo "732"]
[BlackElo "472"]
[Opening "Four knights: Scotch, Krause variation"]
[ECO "C47"]
[NIC "SO.01"]
[Time "14:19:46"]
[PlyCount "54"]
[TimeControl "1800+5"]

1. e4 e5 2. Nf3 Nc6 3. Nc3 Nf6 4. d4 Bb4 5. Nxe5 Nxe5 6. d5 Bxc3+ 7. bxc3
Nxe4 8. Qd4 O-O 9. Qe3 Qh4 10. Bd3 f5 11. g3 Qg4 12. Bxe4 fxe4 13. Ba3 Rf3
14. Qd4 Rf5 15. O-O c6 16. dxc6 Nxc6 17. Qc4+ d5 18. Qc5 Be6 19. Qe7 Nxe7
20. Bxe7 Qe2 21. Rfe1 Qxf2+ 22. Kh1 Qxc2 23. Rac1 Qxa2 24. g4 Rf7 25. Bb4
Bxg4 26. Rg1 Bf3+ 27. Rg2 Qxg2# { White checkmated } 0-1

[Event "ICC tourney 2357 (30 5)"]
[Site "Internet Chess Club"]
[Date "2021.01.30"]
[Round "3"]
[White "Leogao77"]
[Black "LeniBps116"]
[Result "0-1"]
[ICCResult "White checkmated"]
[WhiteElo "479"]
[BlackElo "262"]
[Opening "Giuoco Piano"]
[ECO "C50"]
[NIC "IG.02"]
[Time "14:19:00"]
[PlyCount "108"]
[TimeControl "1800+5"]

1. e4 e5 2. Nf3 Nc6 3. Bc4 Bc5 4. O-O Nf6 5. d3 O-O 6. c3 d6 7. d4 exd4 8.
cxd4 Bxd4 9. Nxd4 Nxd4 10. Qxd4 Bg4 11. Nc3 Qe7 12. e5 dxe5 13. Qxg4 Nxg4
14. Be3 Nxe3 15. fxe3 Rad8 16. Rf3 Rd6 17. Ne4 Rc6 18. Bd5 Rd6 19. Nxd6
Qxd6 20. Be4 Re8 21. Rh3 Qf6 22. Bxh7+ Kf8 23. Rf1 Qg5 24. Rf5 Qg4 25. Rg3
Qd1+ 26. Rf1 Qe2 27. Bg6 c5 28. Bxf7 Ke7 29. Bxe8 Kxe8 30. Rxg7 c4 31. Rc7
Qxe3+ 32. Rf2 Qe1+ 33. Rf1 Qe3+ 34. Rf2 Qe1+ 35. Rf1 Qe3+ 36. Rf2 Qe1+ 37.
Rf1 Qe3+ 38. Rf2 Qe1+ 39. Rf1 Qe3+ 40. Rf2 c3 41. bxc3 e4 42. Rxb7 Qd3 43.
Rxa7 e3 44. Rf3 Qe2 45. Rf1 Qd3 46. Re1 Qd2 47. Kf1 Qxc3 48. a4 Qa3 49. a5
Qc5 50. Ra8+ Ke7 51. a6 Qg5 52. a7 Qf4+ 53. Ke2 Qf2+ 54. Kd1 Qd2# { White
checkmated } 0-1

[Event "ICC tourney 2357 (30 5)"]
[Site "Internet Chess Club"]
[Date "2021.01.30"]
[Round "3"]
[White "BreacenIsGreat"]
[Black "Chk727"]
[Result "1-0"]
[ICCResult "Black checkmated"]
[WhiteElo "826"]
[BlackElo "195"]
[Opening "Konstantinopolsky opening"]
[ECO "C44"]
[NIC "KP.10"]
[Time "14:21:18"]
[PlyCount "45"]
[TimeControl "1800+5"]

1. e4 e5 2. Nf3 Nc6 3. g3 a5 4. Nc3 Bc5 5. Bg2 Qf6 6. O-O h5 7. d3 g5 8.
Bxg5 Qd6 9. Nb5 Qe6 10. Nxc7+ Kf8 11. Nxe6+ dxe6 12. c3 a4 13. d4 exd4 14.
cxd4 Nxd4 15. Nxd4 Bxd4 16. Qxd4 b6 17. Qxh8 Ba6 18. Bh6+ Ke7 19. Rfc1 Bb7
20. Rc7+ Kd6 21. Rxb7 b5 22. Qd4+ Kc6 23. e5# { Black checkmated } 1-0

[Event "ICC tourney 2357 (30 5)"]
[Site "Internet Chess Club"]
[Date "2021.01.30"]
[Round "3"]
[White "grandmasted"]
[Black "TabithaP"]
[Result "0-1"]
[ICCResult "White checkmated"]
[WhiteElo "827"]
[BlackElo "559"]
[Opening "QGD: Marshall defense"]
[ECO "D06"]
[NIC "QP.08"]
[Time "14:19:24"]
[PlyCount "48"]
[TimeControl "1800+5"]

1. d4 d5 2. c4 Nf6 3. cxd5 Nxd5 4. e4 Nf6 5. Nc3 Nc6 6. Bb5 e6 7. Nf3 Bd6
8. e5 Ng4 9. exd6 Qxd6 10. h3 Nf6 11. Ne5 O-O 12. Bf4 Qb4 13. Bxc6 bxc6 14.
Nxc6 Qxb2 15. Rc1 Ba6 16. Na5 e5 17. dxe5 Rad8 18. Qf3 Rd7 19. exf6 g6 20.
h4 Rfd8 21. h5 Rd2 22. hxg6 Qxc1+ 23. Nd1 Rxd1+ 24. Qxd1 Qxd1# { White
checkmated } 0-1

[Event "ICC tourney 2357 (30 5)"]
[Site "Internet Chess Club"]
[Date "2021.01.30"]
[Round "3"]
[White "rishatag"]
[Black "NotPolite"]
[Result "1-0"]
[ICCResult "Black checkmated"]
[WhiteElo "535"]
[BlackElo "827"]
[Opening "Sicilian"]
[ECO "B54"]
[NIC "SI.01"]
[Time "14:19:17"]
[PlyCount "69"]
[TimeControl "1800+5"]

1. e4 c5 2. Nf3 d6 3. d4 cxd4 4. Nxd4 Bd7 5. Nc3 Nc6 6. Be3 Nxd4 7. Bxd4 e5
8. Be3 Nf6 9. Bc4 Be7 10. O-O O-O 11. Re1 a6 12. Qf3 b5 13. Bb3 a5 14. a3
b4 15. axb4 axb4 16. Nd5 Nxd5 17. Bxd5 Rxa1 18. Rxa1 Qc7 19. Bb3 Kh8 20. h3
h6 21. Ra7 Qc8 22. Qd1 Be6 23. Bxe6 fxe6 24. Rxe7 Qd8 25. Ra7 d5 26. exd5
exd5 27. Rb7 d4 28. Bd2 Qf6 29. Qe2 Qd6 30. Bxb4 Qf6 31. Bxf8 Qxf8 32. Qxe5
Qb4 33. Rxb4 d3 34. Qf5 d2 35. Rb8# { Black checkmated } 1-0

[Event "ICC tourney 2357 (30 5)"]
[Site "Internet Chess Club"]
[Date "2021.01.30"]
[Round "3"]
[White "rohanagarwal"]
[Black "msleese"]
[Result "0-1"]
[ICCResult "White checkmated"]
[WhiteElo "100"]
[BlackElo "682"]
[Opening "French defense"]
[ECO "C01"]
[NIC "FR.01"]
[Time "14:19:03"]
[PlyCount "26"]
[TimeControl "1800+5"]

1. e4 e6 2. d4 d5 3. f3 Nc6 4. Nc3 Bb4 5. Bd2 dxe4 6. fxe4 Nge7 7. a3 Ba5
8. b4 Bb6 9. b5 Nxd4 10. Nf3 Nxf3+ 11. gxf3 O-O 12. Be2 Qd4 13. Bd3 Qf2# {
White checkmated } 0-1